 Dungeon Crawl Stone Soup version 0.29.0-4-gdea44cf6ec (webtiles) character file.

Game seed: 2387868363133858715

5961 apoch the Cleaver (level 10, 0/93 HPs)
             Began as a Hill Orc Fighter on Aug 27, 2022.
             Was a Plaything of Xom.
             Succumbed to a hornet's poison
             ... while paralysed by a hornet
             ... on level 9 of the Dungeon.
             The game lasted 00:21:32 (10927 turns).

apoch the Cleaver (Hill Orc Fighter)               Turns: 10927, Time: 00:21:32

Health: 0/93       AC: 15    Str: 25 (26) XL:     10   Next: 84%
Magic:  10/10      EV:  2    Int:  8      God:    Xom [.....*]
Gold:   609        SH:  0    Dex:  8 (10) Spells: 9/9 levels left

rFire   . . .      SeeInvis +   a - +4 battleaxe (freeze)
rCold   . . .      Faith    .   (shield currently unavailable)
rNeg    . . .      Spirit   .   J - +0 plate armour
rPois   .          Reflect  +   q - +1 helmet
rElec   .          Harm     .   s - +0 cloak
rCorr   .          Rampage  .   w - +1 pair of gloves
Will    .....                   (no boots)
Stlth   ..........              x - amulet of reflection
HPRegen 0.00/turn               t - +6 ring of strength
MPRegen 0.12/turn               D - ring of see invisible

@: paralysed, lethally poisoned (0 -> -10), inhibited regen, slowed
A: deformed body, deterioration 1, inhibited regeneration, weak 2, inability to
drink after injury 1
a: Renounce Religion


You were on level 9 of the Dungeon.
You worshipped Xom.
You were Xom's teddy bear.
You visited 3 branches of the dungeon, and saw 11 of its levels.
You also visited: Bailey.

You collected 609 gold pieces.

Inventory:

Hand Weapons
 a - a +4 battleaxe of freezing (weapon)
 b - a +2 whip of electrocution
 E - a +0 morningstar
 I - a +0 war axe of freezing
 K - a +0 battleaxe of venom
Missiles
 n - 11 boomerangs (quivered)
 z - 6 javelins
 A - 10 poisoned darts
 C - 33 stones
Armour
 c - a +0 buckler
 f - a +0 chain mail
 q - a +1 helmet (worn)
 s - a +0 cloak (worn)
 w - a +1 pair of gloves (worn)
 J - a +0 plate armour (worn)
Jewellery
 k - a ring of flight
 o - a ring of fire
 t - a +6 ring of strength (left hand)
 x - an amulet of reflection (around neck)
 y - a ring of protection from cold
 D - a ring of see invisible (right hand)
Wands
 e - a wand of digging (4)
 j - a wand of roots (5)
Scrolls
 h - 4 scrolls of teleportation
 l - 2 scrolls of identify
 F - 2 scrolls of enchant armour
 H - a scroll of blinking
Potions
 d - 4 potions of heal wounds
 g - 2 potions of flight
 i - 4 potions of curing {unknown}
 m - 2 potions of might
 p - 3 potions of mutation {unknown}
 r - a potion of ambrosia {unknown}
 u - a potion of resistance {unknown}
 v - 2 potions of berserk rage {unknown}
 B - a potion of experience
 G - 3 potions of brilliance {unknown}


   Skills:
 - Level 10.0 Fighting
 + Level 12.5 Axes
 * Level 3.4 Throwing
 - Level 10.0 Armour
 - Level 3.2 Shields
 * Level 3.8 Evocations


You had 9 spell levels left.
You didn't know any spells.
Your spell library contained the following spells:

 Spells                   Type           Power      Damage    Failure   Level
 Stone Arrow              Conj/Erth      0%         3d7       100%        3
 Animate Armour           Summ/Erth      0%         N/A       100%        4
 Corpse Rot               Necr/Pois/Air  0%         N/A       100%        4
 Dispel Undead            Necr           0%         3d6       100%        4
 Hailstorm                Conj/Ice       0%         3d3       100%        4
 Ice Form                 Ice/Tmut       0%         N/A       100%        4
 Death Channel            Necr           0%         N/A       100%        6
 Simulacrum               Ice/Necr       0%         N/A       100%        6
 Lehudib's Crystal Spear  Conj/Erth      0%         10d2      100%        8


Dungeon Overview and Level Annotations

Branches:
Dungeon (9/15)             Temple (1/1) D:7             Orc (1/2) D:9
 Bailey (visited)
   Lair: D:8-11

Altars:
Cheibriados
Hepliaklqana
Xom


Innate Abilities, Weirdness & Mutations

Armour fits poorly on your strangely shaped body.
Your body sometimes deteriorates upon taking damage.
You do not regenerate when monsters are visible.
You are very weak. (Str -4)
You occasionally lose the ability to drink potions when taking damage.


Message History

The hornet suddenly seems more agile.
The hornet closely misses you.
You feel very sick.
The hornet stings you but does no damage.
You feel very sick. The hornet stings you.
You feel as though you will be slow longer.
The hornet stings you.
You are more poisoned.
You feel as though you will be slow longer.
You feel very sick. The hornet stings you!
You feel as though you will be slow longer.
You feel very sick. The hornet barely misses you. The hornet stings you.
You feel as though you will be slow longer.
You feel very sick. The hornet barely misses you.
You feel sick. "Hum-dee-hum-dee-hum..."
The yak evaporates and reforms as an unseen horror!
The hornet stings you but does no damage.
The hornet stings you.
You are more poisoned.
You feel as though you will be slow longer.
You slice the hornet!! You freeze the hornet!
The hornet is almost dead.
You feel very sick. The hornet stings you!
* * * LOW HITPOINT WARNING * * *
Your body deteriorates!
You feel clumsy.
You suddenly lose the ability to move!
The hornet stings you.
* * * LOW HITPOINT WARNING * * *
You shrug off the repeated paralysis!
* * * LOW HITPOINT WARNING * * *
You feel very sick. The hornet stings you.
* * * LOW HITPOINT WARNING * * *
You feel as though you will be slow longer.
You die...
Xom is highly amused!

##*** ##############
#.., <..............
#.# **#######.#####.
#.# ###.### #.#
####.....#### #.#
#.....8.....#
#.######_..........#
#..@yxYY_..)........
#..###YY8_...>....8.
#_.# ##.._..........
#._# ##....)......#
#..# #.....8.....#
#..# ####.....####
#..###### ##..###
#.................Y.
#.................YY


You could see 4 yaks, an unseen horror (invisible) and a hornet (agile, slow).

Vanquished Creatures
  An orc warlord (Bailey)
  A two-headed ogre (D:8)
  A komodo dragon (D:7)
  A wyvern (D:7)
  A yak (D:9)
  4 water moccasins
  A sky beast (D:7)
  An ice beast (D:6)
  2 ogres
  4 orc warriors
  A black bear (D:5)
  2 swamp drakes
  2 centaurs
  2 phantoms
  A kobold brigand (D:8)
  Blork the orc (D:4)
  2 bullfrogs
  3 scorpions
  A necrophage (D:6)
  12 wights
  The ghost of oldmanjim the Changer, a weakling OgTm (D:3)
  A howler monkey (D:6)
  A gnoll bouda (D:8)
  6 orc priests
  5 orc wizards
  Ijyb (D:4)
  4 iguanas
  Robin (D:2)
  8 gnolls
  10 adders
  A shadow imp (D:6)
  2 ufetubi
  4 worms
  A dart slug (D:2)
  37 orcs
  10 bats
  9 endoplasms
  2 giant cockroaches
  16 goblins
  16 hobgoblins
  6 jackals
  4 quokkas
  6 ball pythons
  6 frilled lizards
  23 kobolds
  4 rats
229 creatures vanquished.

Vanquished Creatures (collateral kills)
  2 ogres
  An ufetubus (D:5)
3 creatures vanquished.

Vanquished Creatures (others)
  An orc (D:6)
  7 plants (D:7)
8 creatures vanquished.

Grand Total: 240 creatures vanquished

Notes
Turn   | Place    | Note
-------+----------+-------------------------------------------
     0 | D:1      | apoch the Hill Orc Fighter began the quest for the Orb.
     0 | D:1      | Reached XP level 1. HP: 19/19 MP: 1/1
   117 | D:1      | Reached skill level 3 in Axes
   371 | D:1      | Reached XP level 2. HP: 26/26 MP: 2/2
   547 | D:1      | Reached skill level 4 in Axes
  1002 | D:1      | Reached XP level 3. HP: 29/31 MP: 3/3
  1479 | D:2      | Reached skill level 5 in Axes
  1729 | D:2      | Noticed Robin
  1741 | D:2      | Killed Robin
  1742 | D:2      | Reached XP level 4. HP: 9/39 MP: 4/4
  2141 | D:2      | Identified the +4 whip of Courage {flame, rElec rF+}
  2171 | D:2      | Reached skill level 6 in Axes
  2519 | D:2      | Reached XP level 5. HP: 45/45 MP: 5/5
  2620 | D:2      | Found a faded altar of an unknown god.
  2620 | D:2      | Noticed a neqoxec
  2629 | D:2      | Prayed at the altar of an unknown god.
  2629 | D:2      | Became a worshipper of Xom of Chaos
  2667 | D:3      | Found a runed translucent door.
  2711 | D:3      | XOM: silly message
  2744 | D:3      | XOM: cloud trail
  2752 | D:3      | Noticed oldmanjim's ghost (weakling OgTm)
  2767 | D:3      | Reached skill level 7 in Axes
  2770 | D:3      | Killed oldmanjim's ghost
  2771 | D:3      | Reached skill level 8 in Axes
  2771 | D:3      | Reached XP level 6. HP: 38/51 MP: 6/6
  2774 | D:3      | Found a runed translucent door.
  2931 | D:3      | XOM: divination: detect creatures
  3468 | D:3      | XOM: silly message
  3926 | D:3      | XOM: give mutations
  3926 | D:3      | Gained mutation: Armour fits poorly on your strangely
                  | shaped body. [Xom's mischief]
  3926 | D:3      | Gained mutation: You occasionally lose the ability to drink
                  | potions when taking damage. [Xom's mischief]
  3926 | D:3      | Gained mutation: You are weak. (Str -2) [Xom's mischief]
  3926 | D:3      | Gained mutation: You sometimes lose the ability to drink
                  | potions when taking damage. [Xom's mischief]
  4115 | D:4      | Reached skill level 9 in Axes
  4331 | D:4      | XOM: 2-stop teleportation journey
  4343 | D:4      | XOM: noise
  4363 | D:4      | Noticed Blork the orc
  4369 | D:4      | Killed Blork the orc
  4370 | D:4      | Reached XP level 7. HP: 56/57 MP: 7/7
  4408 | D:4      | Reached skill level 10 in Axes
  4439 | D:4      | Noticed Ijyb
  4450 | D:4      | Killed Ijyb
  4652 | D:4      | XOM: polymorph hound -> swamp drake
  4658 | D:4      | XOM: enchant monster (bad)
  4659 | D:4      | XOM: confusion
  4708 | D:4      | XOM: give mutations
  4708 | D:4      | Gained mutation: You are clumsy. (Dex -2) [Xom's mischief]
  4708 | D:4      | Gained mutation: You are very weak. (Str -4) [Xom's
                  | mischief]
  5100 | D:4      | Reached skill level 11 in Axes
  5109 | D:4      | XOM: smoke on damage
  5140 | D:4      | XOM: give mutations
  5140 | D:4      | Gained mutation: Your body sometimes deteriorates upon
                  | taking damage. [Xom's mischief]
  5140 | D:4      | Lost mutation: You are clumsy. (Dex -2) [Xom's mischief]
  5140 | D:4      | Gained mutation: You do not regenerate when monsters are
                  | visible. [Xom's mischief]
  5378 | D:5      | Entered Level 5 of the Dungeon
  5399 | D:5      | XOM: enchant monster (bad)
  5431 | D:5      | XOM: give mutation
  5431 | D:5      | Lost mutation: You sometimes lose the ability to drink
                  | potions when taking damage. [Xom's mischief]
  5559 | D:5      | XOM: confusion (+ monsters)
  5570 | D:5      | XOM: swap monsters
  5577 | D:5      | Reached XP level 8. HP: 33/64 MP: 8/8
  5579 | D:5      | Reached skill level 12 in Axes
  5664 | D:5      | XOM: scenery: summon butterflies
  5799 | D:5      | Found a snail-covered altar of Cheibriados.
  5799 | D:5      | Found a hazy altar of Hepliaklqana.
  5835 | D:5      | Reached skill level 5 in Fighting
  5860 | D:5      | XOM: summons friendly iron imp
  5865 | D:5      | XOM: 2-stop teleportation journey
  6601 | D:6      | XOM: polymorph sky beast -> centaur
  6751 | D:6      | XOM: potion effect (brilliance)
  6760 | D:6      | Reached XP level 9. HP: 74/82 MP: 9/9
  6889 | D:6      | XOM: enchant monster (good)
  7054 | D:6      | XOM: enchant monster (good)
  7172 | D:6      | XOM: summons 2 hostile shadow creatures
  7681 | D:7      | XOM: polymorph howler monkey -> swamp drake
  7684 | D:7      | Reached skill level 10 in Fighting
  7954 | D:7      | Reached skill level 5 in Armour
  8233 | D:7      | Noticed a komodo dragon
  8241 | D:7      | Killed a komodo dragon
  8281 | D:7      | XOM: 1-stop teleportation journey
  8421 | D:7      | Found a staircase to the Ecumenical Temple.
  8504 | Temple   | Entered the Ecumenical Temple
  8709 | D:7      | Reached XP level 10. HP: 93/93 MP: 10/10
  8861 | D:8      | Found a flagged portal.
  8870 | Bailey   | Entered a bailey
  8875 | Bailey   | Noticed an orc warlord
  8943 | Bailey   | XOM: noise
  9032 | Bailey   | Found a runed translucent gate.
  9042 | Bailey   | Found a runed translucent gate.
  9045 | Bailey   | Found a runed translucent gate.
  9149 | Bailey   | Killed an orc warlord
  9150 | Bailey   | Reached skill level 10 in Armour
  9150 | Bailey   | Reached skill level 1 in Throwing
  9150 | Bailey   | Reached skill level 1 in Evocations
 10319 | D:8      | XOM: cloud trail
 10338 | D:9      | Noticed a two-headed ogre
 10345 | D:8      | Killed a two-headed ogre
 10365 | D:9      | XOM: noise
 10417 | D:9      | XOM is BORED!
 10417 | D:9      | XOM: silly message
 10672 | D:9      | XOM: silly message
 10737 | D:9      | XOM: divination: magic mapping
 10862 | D:9      | Found a staircase to the Orcish Mines.
 10888 | Orc:1    | Entered Level 1 of the Orcish Mines
 10889 | Orc:1    | XOM: enchant monster (good)
 10902 | D:9      | XOM: potion effect (curing)
 10913 | D:9      | XOM: cast spell 'Summon Small Mammal'
 10918 | D:9      | XOM: scenery: create altars
 10924 | D:9      | Noticed an unseen horror
 10924 | D:9      | a yak changed into an unseen horror
 10924 | D:9      | XOM: polymorph yak -> unseen horror
 10925 | D:9      | Paralysed by a hornet for 3 turns
 10926 | D:9      | HP: 2/93 [hornet (5)]
 10927 | D:9      | Succumbed to a hornet's poison

Illustrated notes

Levels and vault maps discovered:
D:1:      kilobyte_arrival_exit_the_forest, layout_loops_ring,
          minmay_misc_feat_tiny
D:2:      layout_loops_cross, dreamdust_ecumenical_altar_sealed_demon,
          uniq_robin
D:3:      layout_basic, ebering_ghost_sewer_f
D:4:      layout_gridville, grunt_decor_arrowhead, uniq_ijyb, uniq_blork_the_orc
D:5:      layout_gridville, gammafunk_temple_overflow_wave, chequers_arboretum
D:6:      layout_gridville, corner_web_ring, minmay_crystal_room
D:7:      layout_loops_corners, minmay_temple_entry_mist, minmay_lizard_king
D:8:      layout_loops_ring, enter_bailey_8
D:9:      layout_long_grid, chequers_temple_overflow_statue_of_worship,
          david_orc_2, hellmonk_bongcloud_opening
Temple:   mainiacjoe_temple_bowtie_tessellation
Orc:1:    layout_caves, nicolae_orc_rockfall

Skill      XL: |  1  2  3  4  5  6  7  8  9 10 |
---------------+-------------------------------+-----
Axes           | 3 4 5 6 8 9 11 12 | 12.5
Fighting       | 8 10 | 10.0
Armour         | 8 10 | 10.0
Throwing       | 3 |  3.4
Evocations     | 3 |  3.8
Shields        | |  3.2

Action                   |  1- 3 |  4- 6 |  7- 9 | 10-12 || total
-------------------------+-------+-------+-------+-------++-------
Melee: War axe           |   125 |   180 |   258 |    53 ||   616
       Battleaxe         |       |       |       |    59 ||    59
Throw: Stone             |       |       |    29 |       ||    29
       Javelin           |       |       |    22 |    10 ||    32
       Dart              |       |       |     3 |     6 ||     9
       Boomerang         |       |       |       |    69 ||    69
  Use: Potion            |       |     1 |       |     2 ||     3
       Scroll            |       |     9 |     1 |     6 ||    16
Armor: Scale mail        |    58 |    88 |       |       ||   146
       Chain mail        |       |     1 |    98 |    13 ||   112
       Plate armour      |       |       |       |    29 ||    29
Dodge: Dodged            |    58 |    68 |    68 |    38 ||   232
Block: Buckler           |    26 |    45 |    96 |    18 ||   185
       Reflection        |       |     1 |     2 |     5 ||     8
       Other             |       |       |       |    17 ||    17
